 Dungeon Crawl Stone Soup version 0.20.1-1-g8b1a95d (webtiles) character file.

568 zezblit the Skirmisher (level 7, -2/55 HPs)
             Began as a Demonspawn Abyssal Knight on Oct 26, 2017.
             Was a Believer of Lugonu.
             Killed by divine providence
             ... invoked by an orc priest
              (12 damage)
             ... on level 4 of the Dungeon.
             The game lasted 00:19:31 (4054 turns).

zezblit the Skirmisher (Demonspawn Abyssal Knight)  Turns: 4054, Time: 00:19:32

Health: -2/55      AC:  8    Str: 14    XL:     7   Next: 11%
Magic:  9/9        EV: 10    Int: 16    God:    Lugonu [**....]
Gold:   95         SH:  0    Dex: 14    Spells: 6/6 levels left

rFire    + . .     SeeInvis .   e - +1 whip (elec)
rCold    . . .     Gourm    .   (no shield)
rNeg     . . .     Faith    .   j - +0 scale mail
rPois    .         Spirit   .   (no helmet)
rElec    .         Reflect  .   (no cloak)
rCorr    .         Harm     .   f - +0 pair of gloves
MR       +....                  (no boots)
Stlth    ..........             (no amulet)
Regen    0.2/turn               d - ring of fire
MPRegen  0.2/turn               m - ring of loudness (curse)

@: very slightly contaminated
A: agile 1, clever 1, cold resistance 1, magic resistance 1, powered by death 1,
freezing cloud immunity
a: Depart the Abyss, Bend Space, Renounce Religion


You were on level 4 of the Dungeon.
You worshipped Lugonu.
Lugonu was pleased with you.
You were not hungry.

You visited 1 branch of the dungeon, and saw 4 of its levels.
You visited the Abyss 1 time.

You collected 95 gold pieces.

Inventory:

Hand Weapons
 a - a +1 hand axe
 e - a +1 whip of electrocution (weapon)
Missiles
 k - 60 stones (quivered)
 l - 3 curare-tipped needles
Armour
 b - a +0 leather armour
 f - a +0 pair of gloves (worn)
 j - a +0 scale mail (worn)
 o - a +0 shield
 p - a cursed +0 pair of gloves
Jewellery
 d - a ring of fire (left hand)
 m - a cursed ring of loudness (right hand)
Potions
 g - a potion of mutation
Comestibles
 c - 3 bread rations
 h - 2 meat rations
 n - a royal jelly
 q - 2 chunks of flesh


   Skills:
 + Level 4.8 Fighting
 - Level 2.0(3.3) Axes
 + Level 4.2(4.4) Maces & Flails
 + Level 0.3 Throwing
 + Level 3.2 Armour
 + Level 2.2 Dodging
 + Level 2.9 Invocations


You had 6 spell levels left.
You didn't know any spells.

Dungeon Overview and Level Annotations

Branches:
Dungeon (4/15)
 Temple: D:4-7

Altars:
Okawaru
Xom
The Shining One


Innate Abilities, Weirdness & Mutations

Your flesh is cold resistant. (rC+)
You regenerate a little health from kills.
You are immune to freezing clouds.
You are agile. (Dex +2)
Your mind is acute. (Int +2)
You are resistant to hostile enchantments. (MR+)


Message History

The orc priest looks encouraged for a moment.
The orc priest calls down the wrath of Beogh upon you.
Beogh smites you!
* * * LOW HITPOINT WARNING * * *
The orc priest casts a cantrip, but nothing happens.
The orc throws a tomahawk.
The tomahawk hits you but does no damage.
You see here a tomahawk.
Okay, then.
Blink to where?
Press: ? - help, Dir - move target cursor You are very lightly contaminated with residual magic.
As you read the scroll of blinking, it crumbles to dust.
Some of the chunks of flesh in your inventory have rotted away.
An orc priest is nearby!
Found a stone staircase leading down.
Found a potion of agility.
The orc priest invokes the aid of Beogh against you.
Beogh smites you!
You die...

#..o. #..(. ###.# #.#
#.# #.# #########.#
#.###########.........#
#!>...@......o#########
###############


You could see an orc priest.

Vanquished Creatures
  Grinder (D:3)
  An ogre (D:4)
  The ghost of n0claF the Caller, an amateur MfSu of Ru (D:3)
  A hound (D:4)
  An iguana (D:4)
  A worker ant (D:3)
  3 adders (D:2)
  An ooze (D:1)
  5 worms
  3 dart slugs
  3 leopard geckos
  An orc (D:3)
  2 ball pythons
  6 giant cockroaches
  8 goblins
  11 hobgoblins
  3 jackals (D:3)
  10 kobolds
  4 bats
  5 frilled lizards
  6 rats
77 creatures vanquished.

Notes
Turn   | Place    | Note
-------+----------+-------------------------------------------
     0 | Abyss:1  | zezblit the Demonspawn Abyssal Knight began the quest for the Orb.
     0 | Abyss:1  | Reached XP level 1. HP: 18/18 MP: 2/2
     0 | D:1      | Escaped the Abyss
   141 | D:1      | Reached * piety under Lugonu
   157 | D:1      | Reached skill level 1 in Dodging
   191 | D:1      | Gained mutation: Your flesh is cold resistant. (rC+) [demonic ancestry]
   191 | D:1      | Reached XP level 2. HP: 24/24 MP: 3/3
  1004 | D:1      | Reached XP level 3. HP: 29/29 MP: 4/4
  1266 | D:2      | Found a glowing golden altar of the Shining One.
  1515 | D:2      | Reached ** piety under Lugonu
  1519 | D:2      | Reached skill level 1 in Maces & Flails
  1872 | D:2      | Reached XP level 4. HP: 34/37 MP: 5/5
  2345 | D:3      | Gained mutation: You are agile. (Dex +2) [potion of mutation]
  2345 | D:3      | Gained mutation: You are resistant to hostile enchantments. (MR+) [potion of mutation]
  2345 | D:3      | Gained mutation: Your mind is acute. (Int +2) [potion of mutation]
  2348 | D:3      | Noticed Grinder
  2613 | D:3      | Killed Grinder
  2613 | D:3      | Gained mutation: You are immune to freezing clouds. [demonic ancestry]
  2613 | D:3      | Reached XP level 5. HP: 14/42 MP: 5/7
  2613 | D:3      | Reached XP level 6. HP: 16/48 MP: 5/8
  3072 | D:3      | Noticed n0claF's ghost (amateur MfSu)
  3077 | D:3      | Killed n0claF's ghost
  3271 | D:3      | Found a shimmering altar of Xom.
  3618 | D:4      | Found an iron altar of Okawaru.
  3810 | D:4      | Gained mutation: You regenerate a little health from kills. [demonic ancestry]
  3810 | D:4      | Reached XP level 7. HP: 31/55 MP: 9/9
  4054 | D:4      | Killed from afar by an orc priest

Skill      XL: |  1  2  3  4  5  6 |
---------------+-------------------+-----
Dodging        | 1 2 |  2.2
Axes           | 2 |  2.0
Armour         | 2 3 |  3.2
Maces & Flails | 1 3 4 |  4.2
Fighting       | 4 |  4.8
Throwing       | |  0.3
Invocations    | |  2.9

Action                   |  1- 3 |  4- 6 |  7- 9 || total
-------------------------+-------+-------+-------++-------
Melee: Hand axe          |    24 |       |       ||    24
       Whip              |   114 |   112 |    19 ||   245
Throw: Stone             |       |    14 |     1 ||    15
Invok: Depart the Abyss  |     1 |       |       ||     1
       Bend Space        |       |     1 |     2 ||     3
  Use: Potion            |     4 |     5 |       ||     9
       Scroll            |     5 |     4 |     1 ||    10
  Eat: Chunk             |     1 |     2 |     1 ||     4
       Royal jelly       |     1 |       |       ||     1
       Bread ration      |       |     1 |       ||     1
Armor: Leather armour    |    31 |     8 |       ||    39
       Scale mail        |       |    15 |    10 ||    25
       Skin              |       |     1 |       ||     1
Dodge: Dodged            |    74 |    48 |    10 ||   132
